Map: Dusk Towers

Players

TOGrizzly

  • Race: Terran Terran
  • League: Gold

Stellar - Winner!

  • Race: Zerg Zerg
  • League: Platinum

VOD

Have the link to the VOD?

Description

Studying some games against Zerg. Trying to figure out timings and balance between economy and army.

Time

  • Played on: Nov. 18, 2015, 5:26 p.m.
  • Length: 17:24
Show
View Real Time Build Order
Export as new Build Order

TOGrizzly Terran 

Build Orders: Reaper Expand, MMM Bio 

Get SALT Encoding   

  12  0:02  SCV  
  13  0:13  Supply Depot  
  13  0:18  SCV  
  14  0:25  Refinery  
  14  0:31  SCV  
  15  0:47  Barracks  
  15  0:50  SCV  
  16  1:02  SCV  
  17  1:17  SCV  
  18  1:36  Command Center  
  18  1:39  Reaper  
  19  1:52  Supply Depot, SCV  
  20  2:06  Orbital Command  
  20  2:13  Barracks Reactor  
  20  2:22  Factory  
  20  2:31  SCV  
  20  2:35  Supply Depot  
  21  2:46  SCV  
  22  2:54  Marine x2  
  24  3:01  Orbital Command  
  24  3:03  SCV  
  24  3:27  Command Center  
  24  3:32  Hellion x2  
  24  3:33  Marine  
  28  3:36  SCV  
  28  3:37  SCV  
  30  3:46  Refinery  
  30  3:49  SCV  
  30  3:51  Marine  
  32  3:57  Hellion  
  32  3:58  Hellion  
  36  4:07  SCV  
  36  4:08  Starport  
  37  4:13  Marine  
  38  4:20  Armory  
  38  4:25  Widow Mine x2  
  38  4:28  SCV x2  
  44  4:35  Barracks Tech Lab  
  44  4:41  SCV x2  
  46  4:48  Medivac  
  48  4:54  Barracks  
  48  4:56  SCV x2, Barracks  
  48  4:58  SCV  
  51  5:06  Hellion x2, Marauder  
  57  5:11  Combat Shields  
  57  5:13  SCV x2  
  57  5:14  SCV  
  60  5:28  SCV x2  
  62  5:29  Orbital Command  
  62  5:30  Starport Reactor  
  62  5:31  Marauder  
  62  5:32  Widow Mine x2  
  68  5:40  Engineering Bay  
  68  5:41  Engineering Bay  
  68  5:44  Refinery  
  68  5:45  SCV, Refinery  
  68  5:46  Barracks Tech Lab  
  68  5:48  Barracks Reactor  
  69  6:21  Stimpack  
  69  6:28  Marauder  
  69  6:32  Barracks  
  69  6:34  Factory Reactor  
  69  6:42  Supply Depot  
  69  6:44  Supply Depot, Medivac, SCV, Marine x2  
  69  6:45  Marauder  
  76  6:57  Barracks  
  76  7:01  Barracks  
  70  7:18  Marine x2  
  70  7:19  Marauder  
  64  7:25  Medivac x2  
  64  7:26  SCV x2  
  64  7:29  Factory Tech Lab  
  68  7:30  Marine x2  
  68  7:33  Marauder  
  68  7:34  Terran Infantry Weapons Level 1  
  72  7:39  Orbital Command  
  72  7:50  Siege Tank, Missile Turret  
  73  7:51  Marine x2  
  73  7:52  Marine x2  
  73  7:53  Missile Turret, Marauder  
  73  7:54  Barracks Tech Lab, Marauder  
  73  7:55  Barracks Reactor, Missile Turret  
  81  8:06  SCV  
  82  8:14  Missile Turret, Marine x4  
  82  8:16  Missile Turret x3  
  82  8:18  Factory  
  82  8:19  Missile Turret  
  86  8:24  SCV  
  86  8:25  SCV x2  
  89  8:33  Marine x5  
  94  8:34  Marauder  
  94  8:35  Medivac  
  98  8:42  Supply Depot  
  98  8:45  Supply Depot  
  98  8:46  Terran Infantry Armor Level 1  
  98  8:47  SCV x2  
  100  8:55  Missile Turret  
  100  8:56  Refinery  
  100  8:57  SCV  
  100  9:00  Refinery  
  101  9:03  Marine x3  
  101  9:05  Supply Depot  
  101  9:07  SCV  
  101  9:09  Supply Depot  
  105  9:13  Thor  
  105  9:16  Marine x2  
  113  9:25  SCV x2  
  113  9:30  Marine x3  
  118  9:32  Marine x2  
  118  9:33  Marauder x2  
  118  9:37  SCV x2  
  126  9:39  Bunker  
  126  9:40  SCV  
  126  9:43  Bunker  
  127  9:56  Widow Mine  
  127  10:13  Marine x6  
  133  10:15  Marine x2  
  133  10:16  Marauder  
  133  10:20  Medivac  
  132  10:21  Medivac  
  128  10:30  Marine x2, Widow Mine  
  128  10:31  SCV, Marine x2  
  128  10:32  SCV  
  130  10:36  Factory x2  
  128  10:43  Command Center  
  128  10:47  Marine  
  128  10:48  Marine x3  
  128  10:49  SCV x2, Marauder  
  126  10:55  SCV  
  121  10:57  Marine x3  
  121  10:58  Widow Mine, Marine  
  121  10:59  Widow Mine  
  121  11:01  SCV  
  130  11:05  Marine  
  130  11:06  Marauder  
  133  11:22  Factory Tech Lab x2  
  133  11:31  Terran Infantry Weapons Level 2, Terran Infantry Armor Level 2  
  133  11:36  Supply Depot  
  133  11:37  Supply Depot  
  133  11:38  Supply Depot  
  133  11:55  Thor, Marauder, SCV x2, Marine x5  
  133  11:57  Marine x2  
  133  11:58  SCV, Siege Tank  
  133  11:59  Supply Depot  
  154  12:01  Planetary Fortress  
  154  12:06  Refinery  
  155  12:09  Medivac x2  
  158  12:24  Marine x5  
  158  12:25  Marine, Marauder x3  
  158  12:28  Siege Tank  
  173  12:33  Supply Depot  
  173  12:39  Supply Depot x2  
  173  12:41  Marine  
  155  12:55  Marine x4  
  155  12:56  Marauder x2  
  141  13:05  Marine x3  
  111  13:13  Marine  
  111  13:15  Marine x2  
  111  13:18  Marine x2  
  111  13:19  Marine  
  103  13:21  Medivac x2  
  103  13:22  Marine  
  108  13:29  Marine  
  108  13:30  Marine  
  108  13:31  Siege Tank x2  
  116  13:37  Marauder  
  116  13:40  Marine x3  
  121  13:50  Terran Infantry Weapons Level 3, Refinery  
  121  13:51  Medivac  
  121  13:52  Command Center  
  121  13:55  Command Center  
  123  13:57  Marine x2  
  125  14:03  Marine x2  
  125  14:04  Marine x4  
  125  14:05  Marauder  
  133  14:21  Marine x5  
  133  14:22  Marauder x2, Marine  
  143  14:42  Marine x2  
  143  14:43  Marine x2  
  147  14:46  Siege Tank x2  
  146  14:57  Marine x2  
  146  14:58  Marine x3  
  146  14:59  Siege Tank  
  154  15:07  Marine  
  154  15:08  Marine x3  
  154  15:12  Command Center  
  156  15:15  Marine  
  156  15:16  Marauder  
  136  15:30  Marine x2  
  107  15:37  Marine x4  
  107  15:39  Marine x2  
  88  15:47  Marine  
  88  15:48  Marine x2  
  75  15:50  Siege Tank  
  75  15:55  Siege Tank  
  71  16:04  Marine x2  
  71  16:05  Marine  
  64  16:18  Marine x3  
  64  16:22  Siege Tank  
  64  16:23  Medivac x2  
  73  16:29  Marine x2  
  56  16:44  Widow Mine  
  56  17:02  Marine  
  56  17:03  Marine x2  
Show
View Real Time Build Order
Export as new Build Order

Stellar Zerg - Winner!

Build Orders: Hatch First, Lurkers 

Get SALT Encoding   

  12  0:03  Drone  
  13  0:12  Overlord  
  13  0:17  Drone  
  14  0:24  Drone, Extractor  
  15  0:32  Drone  
  16  0:39  Drone  
  17  0:46  Drone  
  18  0:59  Hatchery  
  18  1:01  Drone  
  18  1:15  Spawning Pool  
  17  1:18  Drone  
  17  1:22  Drone  
  19  1:31  Drone  
  20  1:41  Drone  
  21  1:47  Extractor  
  21  1:52  Overlord  
  19  2:02  Queen  
  21  2:10  Queen  
  21  2:12  Drone x3  
  26  2:23  Drone x2  
  28  2:33  Overlord  
  28  2:38  Drone  
  30  2:44  Zergling x4  
  30  3:01  Zergling x4  
  30  3:04  Metabolic Boost  
  32  3:09  Drone x2  
  32  3:11  Drone x3  
  37  3:17  Roach Warren  
  37  3:19  Drone x2  
  39  3:27  Drone x3  
  39  3:29  Overlord  
  41  3:35  Drone  
  41  3:38  Lair  
  41  3:39  Queen  
  44  3:49  Drone x5  
  44  3:52  Extractor  
  44  3:53  Extractor  
  44  3:55  Drone  
  48  3:57  Extractor  
  48  3:58  Overlord  
  47  4:11  Overlord  
  47  4:16  Drone  
  47  4:17  Drone x2  
  50  4:22  Drone x3  
  53  4:24  Drone  
  54  4:34  Roach x3  
  60  4:40  Roach  
  60  4:42  Hatchery  
  60  4:43  Roach x3  
  67  4:51  Glial Reconstitution  
  67  4:53  Overlord  
  67  4:56  Overlord  
  67  5:00  Drone  
  67  5:01  Evolution Chamber, Drone  
  67  5:03  Evolution Chamber  
  64  5:24  Overlord, Spire  
  64  5:26  Roach x2  
  64  5:27  Roach x3  
  73  5:30  Ravager x2  
  73  5:31  Ravager  
  76  5:36  Drone  
  76  5:37  Drone  
  78  5:49  Zerg Missile Weapons Level 1  
  78  5:53  Zerg Ground Armor Level 1  
  78  5:56  Drone x9  
  85  6:45  Corruptor x4  
  93  6:49  Drone x4  
  93  6:50  Overlord x3  
  97  6:56  Zerg Flyer Weapons Level 1  
  96  7:06  Roach  
  95  7:17  Zergling x16  
  95  7:18  Zergling x8  
  103  7:32  Overlord x2  
  103  7:38  Extractor  
  103  7:39  Extractor  
  101  7:46  Zerg Missile Weapons Level 2  
  101  7:48  Overlord x2  
  101  7:49  Baneling Nest  
  100  7:55  Roach x7  
  114  7:59  Drone x3  
  114  8:01  Hatchery  
  114  8:04  Drone x3  
  114  8:05  Drone x3  
  122  8:13  Overlord x2  
  122  8:28  Zerg Ground Armor Level 2  
  122  8:30  Hydralisk Den  
  121  8:41  Roach x12  
  125  8:42  Roach x2  
  125  8:46  Overlord x2  
  149  8:54  Centrifical Hooks  
  149  8:58  Queen  
  151  9:04  Ravager x4  
  151  9:05  Ravager  
  156  9:20  Spine Crawler x2  
  156  9:21  Lurker Den  
  154  9:25  Drone x13  
  154  9:29  Queen  
  169  9:38  Baneling x8  
  169  9:39  Baneling x5  
  169  9:40  Baneling x2  
  169  9:41  Baneling  
  168  10:08  Drone x2  
  168  10:09  Drone x5  
  168  10:12  Extractor  
  174  10:14  Overlord x2, Extractor  
  174  10:15  Overlord  
  152  10:40  Drone x4  
  152  10:41  Drone x4  
  152  10:42  Drone x3  
  156  10:44  Drone x3  
  156  10:48  Corruptor x4  
  156  10:49  Corruptor  
  161  10:57  Hydralisk, Muscular Augments  
  161  10:58  Hydralisk x3  
  169  11:05  Drone x2  
  171  11:26  Spine Crawler  
  170  11:34  Lurker x4  
  170  11:36  Hydralisk x3  
  170  11:37  Spine Crawler  
  179  11:43  Queen  
  179  11:44  Drone  
  179  11:45  Drone x4, Infestation Pit  
  185  11:53  Infestation Pit  
  184  12:03  Lurker  
  184  12:06  Lurker  
  184  12:07  Lurker  
  187  12:28  Hive  
  130  13:10  Roach x11  
  130  13:11  Roach x11  
  157  13:25  Roach x5  
  164  13:40  Ravager  
  164  13:41  Ravager x7  
  169  13:42  Ravager x3  
  169  13:47  Hatchery  
  174  13:51  Hydralisk x5  
  184  14:03  Zerg Ground Armor Level 3, Zerg Missile Weapons Level 3  
  184  14:05  Greater Spire  
  184  14:07  Queen  
  184  14:08  Queen  
  188  14:27  Overseer x4  
  188  14:52  Lurker x3  
  192  14:53  Lurker x2  
  192  14:55  Zergling x18  
  192  14:58  Lair  
  188  15:04  Spawning Pool  
  188  15:06  Roach Warren  
  109  15:49  Roach x23  
  153  15:55  Hydralisk Den  
  152  15:57  Infestation Pit  
  141  16:35  Roach x2  
  141  16:36  Roach x13  
  141  16:38  Brood Lord x3  
  174  16:50  Overlord x5  
Tags
 
Add a new tag
Caveats
  • Supply blocks, unpowered buildings, or Contaminate may cause inaccurate times.
  • Supply counts are checked every 10 seconds.